 Dungeon Crawl Stone Soup version 0.31-a0-538-gbc85326fa9 (webtiles) character file.

Game seed: 16299660293751350793

5020 jlumianski the Trooper (level 10, -1/76 HPs)
             Began as a Djinni Fire Elementalist on Aug 13, 2023.
             Was a Priest of Makhleb.
             Slain by a two-headed ogre
             ... wielding a +0 giant club
              (16 damage)
             ... on level 8 of the Dungeon.
             The game lasted 00:58:39 (7978 turns).

jlumianski the Trooper (Djinni Fire Elementalist)   Turns: 7978, Time: 00:58:39

Health: -1/76      AC:  6    Str: 10    XL:     10   Next: 84%
Gold:   532        EV: 13    Int: 26    God:    Makhleb [***...] SH:  0 Dex: 15

rFire   + + .        w - +11 Singing Sword {sonic wave}
rCold   . . .        (no shield)
rNeg    . . .        E - +2 robe {rC+}
rPois   ∞            B - +0 helmet
rElec   .            C - scarf {repulsion}
rCorr   +            J - +0 pair of gloves
SInv    .            (boots unavailable)
Will    +....        G - amulet of the acrobat
Stlth   +++          j - ring of resist corrosion
HPRegen 0.32/turn    c - ring "Guoxt" {Str+3 Int+6}
MPRegen 0.00/turn

%: repel missiles, acrobat, infuse magic (-2 HP)
@: flying
A: sickness immunity, fire resistance 2, cold vulnerability 1, float, innate
caster, HP casting, extra vitality 1
a: Renounce Religion, Minor Destruction, Lesser Servant of Makhleb


You were on level 8 of the Dungeon.
You worshipped Makhleb.
Makhleb was most pleased with you.
You visited 2 branches of the dungeon, and saw 10 of its levels.
You also visited: Sewer.

You collected 532 gold pieces.

Inventory:

Hand Weapons
 d - a +2 demon trident of venom
 f - a +0 dagger
 w - the +11 Singing Sword (weapon) {sonic wave}
   (You found it on level 4 of the Dungeon)
 y - a +0 dagger of venom
 L - a +5 falchion of freezing
Missiles
 g - 22 poisoned darts
 v - 3 boomerangs
 D - 2 curare-tipped darts
Armour
 a - a +0 robe
 h - a +0 leather armour
 q - a +0 buckler
 B - a +0 helmet (worn)
 C - a scarf of repulsion (worn)
 E - a +2 robe of cold resistance (worn)
 I - a +1 leather armour of fire resistance
 J - a +0 pair of gloves (worn)
 N - a +0 cloak of stealth
Jewellery
 c - the ring "Guoxt" (right hand) {Str+3 Int+6}
   (You acquired it on level 3 of the Dungeon)

   [ring of intelligence]

   Str+3:     It affects your strength (+3).
   Int+6:     It affects your intelligence (+6).
 j - a ring of resist corrosion (left hand)
 G - an amulet of the acrobat (around neck)
Wands
 l - a wand of paralysis (10)
 z - a wand of roots (13)
 M - a wand of polymorph (10)
Scrolls
 k - 6 scrolls of teleportation
 n - 2 scrolls of noise {unknown}
 p - a scroll of torment {unknown}
 s - a scroll of fog {unknown}
 x - a scroll of vulnerability {unknown}
 A - a scroll of enchant weapon
 F - a scroll of revelation {unknown}
 H - a scroll of silence {unknown}
 K - a scroll of brand weapon {unknown}
Potions
 b - a potion of brilliance
 e - a potion of cancellation
 i - 5 potions of enlightenment
 m - 2 potions of might
 o - a potion of degeneration
 t - 3 potions of haste
 u - a potion of berserk rage {unknown}


   Skills:
 * Level 7.8 Fighting
 + Level 5.7 Long Blades
 - Level 2.7 Polearms
 + Level 4.3 Dodging
 + Level 4.2 Stealth
 * Level 6.5 Spellcasting
 * Level 6.5 Conjurations
 * Level 6.5 Hexes
 * Level 6.5 Summonings
 * Level 6.5 Necromancy
 * Level 6.5 Translocations
 * Level 6.5 Transmutations
 * Level 6.5 Fire Magic
 * Level 6.5 Ice Magic
 * Level 6.5 Air Magic
 * Level 6.5 Earth Magic
 * Level 6.5 Poison Magic
 * Level 4.7 Invocations


You knew the following spells:

 Your Spells              Type           Power      Damage    Failure   Level
a - Foxfire               Conj/Fire      100%       2x1d9     1%          1
b - Scorch                Fire           84%        2d8       1%          2
c - Volatile Blastmotes   Fire/Tloc      84%        2d17      1%          3
d - Inner Flame           Hex/Fire       42%        N/A       1%          3
e - Flame Wave            Conj/Fire      42%        2d11      4%          4
f - Summon Small Mammal   Summ           100%       N/A       1%          1
g - Call Imp              Summ           84%        N/A       1%          2
h - Blink                 Tloc           84%        N/A       1%          2
i - Summon Lightning Spi  Summ/Air       42%        N/A       4%          4
Your spell library was empty.

Dungeon Overview and Level Annotations

Branches:
Dungeon (9/15)             Temple (1/1) D:5           Sewer (visited)
   Lair: D:8-11         Orc: D:9-12

Altars:
Cheibriados
Dithmenos
Elyvilon
Gozag
Hepliaklqana
Makhleb
Nemelex Xobeh
Okawaru
Qazlal
Ru
Trog
Uskayaw
Yredelemnul
The Shining One

Shops:
D:6 *


Innate Abilities, Weirdness & Mutations

You are immune to sickness and miasma.
You are immune to poison.
Your flesh is very heat resistant. (rF++)
You are vulnerable to cold. (rC-)
You float through the air rather than walking.
You learn spells naturally, not from books.
Your magical power is your life essence.
You have superior vitality. (+4 MHP)


Message History

You blink.
The centaur wields a +0 shortbow.
The centaur shoots an arrow.
The arrow hits you!
Found a potion of might.
The centaur shoots an arrow.
The arrow completely misses you.
You feel stable enough to blink again.
Found 13 gold pieces.
Casting: Blink (safe; 1% risk of failure)
Confirm with . or Enter, or press ? or * to list all spells.
A cloud of volatile blastmotes flares up around you!
Casting: Volatile Blastmotes (safe; 1% risk of failure)
Confirm with . or Enter, or press ? or * to list all spells.
Flames lash the two-headed ogre.
The two-headed ogre is moderately wounded.
The two-headed ogre's fire resistance burns away.
Casting: Scorch (safe; 1% risk of failure)
Confirm with . or Enter, or press ? or * to list all spells.
Flames lash the centaur.
The centaur is moderately wounded.
The centaur's fire resistance burns away.
The two-headed ogre hits you with a +0 giant club! x2
You barely miss the two-headed ogre.
The two-headed ogre is moderately wounded.
The two-headed ogre completely misses you.
The two-headed ogre hits you with a +0 giant club!
* * * LOW HITPOINT WARNING * * *
The cloud of blastmotes explodes!
The concussive blast engulfs the two-headed ogre!
The two-headed ogre is burned terribly!
The two-headed ogre is heavily wounded.
You hear a shout!
Casting: Scorch (safe; 1% risk of failure)
Confirm with . or Enter, or press ? or * to list all spells.
A tiny devil pulls itself out of the air.
* * * LOW HITPOINT WARNING * * *
Your cerulean imp hits the two-headed ogre from afar with a +0 spear.
You feel better.
The two-headed ogre is no longer more vulnerable to fire.
The two-headed ogre barely misses you.
The two-headed ogre hits you with a +0 giant club!
You die...

### ##.#####. ## ###
#.#....... .. ..#
...#####.# #.# #.#
#### #.# #.# #######
#.###.####### ....g.#
# ##..c..!.$....
#####.##.#
#..@O.5......#
.........##
#.####.#####.
#####.#####.##[####.#
#.# #...†>O..c#
#####.########.######
......>....# #.#
#####.####.# #.# #.#
#.###.# #.# #.#....#


You could see a two-headed ogre (ally target), a centaur and a friendly cerulean
imp (summoned).

Vanquished Creatures
  2 trolls (D:9)
  6 yaks
  A wyvern (D:7)
  Edmund (D:6)
  2 wargs
  A phantom (D:4)
  A nameless horror (D:7)
  3 kobold brigands
  4 scorpions (D:4)
  12 wights
  2 hounds
  3 orc priests
  2 gnoll boudas
  Crazy Yiuf (D:7)
  A sleepcap (D:4)
  Terence (D:2)
  8 iguanas
  6 orc wizards
  A sickly merfolk siren (Sewer)
  A malarious merfolk avatar (Sewer)
  10 gnolls
  3 river rats (Sewer)
  15 adders
  A shadow imp (D:7)
  A white imp (D:5)
  A worm (D:5)
  3 dart slugs
  42 orcs
  11 ball pythons
  6 endoplasms
  6 giant cockroaches
  7 goblins
  8 hobgoblins
  2 jackals (D:3)
  18 kobolds
  2 quokkas (D:1)
  14 bats
  6 frilled lizards
  24 rats
239 creatures vanquished.

Vanquished Creatures (collateral kills)
  A two-headed ogre (D:9)
  A yak (D:9)
  3 wights
  A jelly (D:4)
  6 orcs
  A goblin (D:7)
  A hobgoblin (D:7)
  2 ball pythons (Sewer)
  A frilled lizard (Sewer)
  2 rats (D:3)
19 creatures vanquished.

Vanquished Creatures (others)
  326 foxfires
326 creatures vanquished.

Grand Total: 584 creatures vanquished

Notes
Turn   | Place    | Note
-------+----------+-------------------------------------------
     0 | D:1      | jlumianski the Djinni Fire Elementalist began the quest for
                  | the Orb.
     0 | D:1      | jlumianski set off with the following spells memorised:
                  | Foxfire, Scorch, Volatile Blastmotes, Inner Flame, Flame
                  | Wave.
     0 | D:1      | Reached XP level 1. HP: 15/15 MP: 0/0
   117 | D:1      | Reached XP level 2. HP: 20/21 MP: 0/0
   371 | D:1      | Reached XP level 3. HP: 19/25 MP: 0/0
   371 | D:1      | Learned a level 1 spell: Summon Small Mammal
   489 | D:2      | Noticed Terence
   656 | D:2      | Reached skill level 1 in Fighting
   656 | D:2      | Reached XP level 4. HP: 30/32 MP: 0/0
   782 | D:3      | Identified a scroll of acquirement
   790 | D:3      | Acquired the ring "Guoxt" {Str+3 Int+6}
  1022 | D:3      | Reached XP level 5. HP: 16/38 MP: 0/0
  1022 | D:3      | Learned a level 2 spell: Call Imp
  1030 | D:3      | Reached skill level 2 in Fighting
  1052 | D:3      | Found a glowing drain.
  1067 | Sewer    | Entered a sewer
  1346 | Sewer    | Reached XP level 6. HP: 36/45 MP: 0/0
  1537 | Sewer    | Reached skill level 1 in Polearms
  2235 | D:2      | Killed Terence
  2254 | D:2      | Found a faded altar of an unknown god.
  2512 | D:2      | Reached skill level 3 in Fighting
  2720 | D:4      | Reached XP level 7. HP: 47/50 MP: 0/0
  2720 | D:4      | Learned a level 2 spell: Blink
  3006 | D:4      | Found a sparkling altar of Nemelex Xobeh.
  3115 | D:5      | Entered Level 5 of the Dungeon
  3769 | D:4      | Reached skill level 4 in Fighting
  3769 | D:4      | Reached XP level 8. HP: 52/58 MP: 0/0
  3790 | D:4      | Found the +11 Singing Sword {sonic wave}
  3936 | D:5      | Found a staircase to the Ecumenical Temple.
  3961 | Temple   | Entered the Ecumenical Temple
  3968 | Temple   | Became a worshipper of Makhleb the Destroyer
  3998 | D:4      | Identified the +1 short sword of Beyt {drain, rF+ Will-
                  | Int+5}
  4159 | D:5      | Reached skill level 1 in Long Blades
  4390 | D:5      | Found a stormy altar of Qazlal.
  4496 | D:5      | Found a glowing golden altar of the Shining One.
  5012 | D:6      | Noticed Edmund
  5027 | D:6      | Killed Edmund
  5028 | D:6      | Reached skill level 5 in Fighting
  5330 | D:6      | Reached skill level 5 in Spellcasting
  5330 | D:6      | Reached skill level 5 in Conjurations
  5330 | D:6      | Reached skill level 5 in Hexes
  5330 | D:6      | Reached skill level 5 in Summonings
  5330 | D:6      | Reached skill level 5 in Necromancy
  5330 | D:6      | Reached skill level 5 in Translocations
  5330 | D:6      | Reached skill level 5 in Transmutations
  5330 | D:6      | Reached skill level 5 in Fire Magic
  5330 | D:6      | Reached skill level 5 in Ice Magic
  5330 | D:6      | Reached skill level 5 in Air Magic
  5330 | D:6      | Reached skill level 5 in Earth Magic
  5330 | D:6      | Reached skill level 5 in Poison Magic
  5456 | D:6      | Found an opulent altar of Gozag.
  5467 | D:6      | Reached XP level 9. HP: 57/65 MP: 0/0
  5467 | D:6      | Learned a level 4 spell: Summon Lightning Spire
  5609 | D:6      | Reached * piety under Makhleb
  6165 | D:7      | Reached skill level 6 in Fighting
  6182 | D:6      | Found Usankaumm's Gadget Gallery.
  6386 | D:7      | Found a sacrificial altar of Ru.
  6404 | D:7      | Reached skill level 1 in Invocations
  6942 | D:7      | Reached ** piety under Makhleb
  7050 | D:7      | Found an iron altar of Okawaru.
  7312 | D:7      | Found a runed translucent door.
  7313 | D:7      | Noticed Crazy Yiuf
  7324 | D:7      | Killed Crazy Yiuf
  7506 | D:7      | Reached XP level 10. HP: 73/73 MP: 0/0
  7616 | D:8      | Reached skill level 7 in Fighting
  7796 | D:9      | Reached skill level 5 in Long Blades
  7801 | D:9      | Noticed a two-headed ogre
  7866 | D:9      | Killed a two-headed ogre
  7883 | D:9      | Noticed a two-headed ogre
  7886 | D:8      | Reached *** piety under Makhleb
  7978 | D:8      | Slain by a two-headed ogre

Illustrated notes

Levels and vault maps discovered:
D:1:      nicolae_arrival_memento_mori, layout_rooms
D:2:      layout_rooms, nicolae_ecumenical_snake_handling, uniq_terence
D:3:      layout_rooms, serial_co_window_serial, co_window_paths_b,
          co_window_corner_a, co_window_paths_a, co_window_corner_a,
          co_window_paths_a, co_window_unsneaky_path_e,
          co_window_of_opportunity_b, co_window_broadway_a, co_window_4corner_b,
          co_window_4corner_a, glass_columns_c, glass_columns_a,
          portal_sewer_entry_a, kennysheep_generic_room_3
D:4:      old_forge, layout_gridville, nemelex_xobeh_ov_fountains_minmay
D:5:      layout_loops_ring, mainiacjoe_overflow_six_doors_small,
          lemuel_round_altar, temple_pool_b
D:6:      layout_basic, mainiacjoe_overflow_alcove_4,
          nicolae_gozag_seed_capital, corner_web_ring, skrybe_limestone_x,
          nicolae_shop_gadgets, uniq_edmund
D:7:      layout_basic, okawaru_altar_gauntlet_db, nicolae_ru_awakened_eye,
          uniq_crazy_yiuf_cottage
D:8:      layout_loops_ring, serial_shops, kennysheep_little_box
D:9:      layout_long_grid, lemuel_coloured_pillars_altar,
          erik_lair_orcish_takeover, david_orc_2, grunt_decor_junction,
          corexii_hall_statues_i
Temple:   eino_temple_lava

Skill      XL: |  1  2  3  4  5  6  7  8  9 10 |
---------------+-------------------------------+-----
Spellcasting   | 4 5 6 |  6.5
Conjurations   | 4 5 6 |  6.5
Hexes          | 4 5 6 |  6.5
Summonings     | 4 5 6 |  6.5
Necromancy     | 4 5 6 |  6.5
Translocations | 4 5 6 |  6.5
Transmutations | 4 5 6 |  6.5
Fire Magic     | 4 5 6 |  6.5
Ice Magic      | 4 5 6 |  6.5
Air Magic      | 4 5 6 |  6.5
Earth Magic    | 4 5 6 |  6.5
Poison Magic   | 4 5 6 |  6.5
Stealth        | 2 3 4 |  4.2
Dodging        | 3 4 |  4.3
Fighting       | 1 2 3 4 5 6 7 |  7.8
Polearms       | 1 2 |  2.7
Long Blades    | 2 4 5 |  5.7
Invocations    | 2 4 |  4.7

Action                     |  1- 3 |  4- 6 |  7- 9 | 10-12 || total
---------------------------+-------+-------+-------+-------++-------
  Melee: Unarmed           |     2 |       |       |       ||     2
         Dagger            |     1 |     2 |       |       ||     3
         Demon trident     |       |    70 |    40 |       ||   110
         Double sword      |       |       |    81 |    23 ||   104
         Punch             |       |       |     1 |       ||     1
   Cast: Foxfire           |    46 |    54 |    61 |    16 ||   177
         Summon Small Mamm |       |     6 |     7 |       ||    13
         Scorch            |       |     8 |    36 |    10 ||    54
         Inner Flame       |       |     4 |     6 |       ||    10
         Call Imp          |       |     3 |     7 |     1 ||    11
         Volatile Blastmot |       |       |    20 |     1 ||    21
         Blink             |       |       |     1 |     1 ||     2
         Summon Lightning  |       |       |     2 |     2 ||     4
    Use: Scroll            |       |     5 |     2 |     1 ||     8
         Potion            |       |       |     3 |     1 ||     4
   Stab: Sleeping          |       |     8 |     8 |       ||    16
         Distracted        |       |     1 |     1 |       ||     2
 Armour: Robe              |     2 |    14 |    21 |     9 ||    46
  Dodge: Dodged            |     6 |    65 |   112 |    34 ||   217
         Repelled          |       |       |       |     1 ||     1

Table legend: (Time is in decaauts)
 A = Elapsed time spent in this place.
 B = Non-inter-level travel time spent in this place.
 C = Inter-level travel time spent in this place.
 D = Time resting spent in this place.
 E = Time spent auto-exploring this place.
 F = Levels seen in this place.
 G = Mean time per level.
                   A        B        C        D        E       F      G
               +--------+--------+--------+--------+--------+-----+--------+
         Total |   8035 |   7877 |    158 |   1095 |   3837 |  11 |  730.5 |
       Dungeon |   7386 |   7228 |    158 |    957 |   3739 |   9 |  820.7 |
        Temple |     17 |     17 |      0 |      0 |      0 |   1 |   17.0 |
         Sewer |    631 |    631 |      0 |    138 |     98 |   1 |  631.0 |
               +--------+--------+--------+--------+--------+-----+--------+

Top non-repeatable levels by time:
     D:6: 1381 daAuts
     D:4: 1329 daAuts
     D:7: 1307 daAuts
     D:3: 935 daAuts
     D:5: 837 daAuts
   Sewer: 631 daAuts
     D:1: 554 daAuts
     D:2: 525 daAuts
     D:8: 406 daAuts
     D:9: 109 daAuts
  Temple: 17 daAuts
